 Dungeon Crawl Stone Soup version 0.27-a0-1219-g958d993ae5 (webtiles) character file.

Game seed: 12494769585313419995

7726 sanka the Thaumaturge (level 11, -4/79 HPs)
             Began as a Djinni Artificer on June 6, 2021.
             Was a Believer of Makhleb.
             Slain by a spatial maelstrom (14 damage)
             ... on level 1 of the Abyss.
             The game lasted 00:27:03 (11562 turns).

sanka the Thaumaturge (Djinni Artificer)           Turns: 11562, Time: 00:27:04

Health: -4/79      AC: 16    Str:  6    XL:     11   Next: 42%
Gold:   442        EV: 16    Int: 16    God:    Makhleb [**....] SH:  0 Dex: 14

rFire    + + .     SeeInvis .   a - +1 whip (elec)
rCold    . . .     Faith    .   (no shield)
rNeg     + + .     Spirit   .   y - +3 ring mail "Vometohe" {rC+ rN++ Str-5}
rPois    ∞         Reflect  .   q - +0 helmet
rElec    .         Harm     .   G - +2 cloak
rCorr    .         Rampage  .   (no gloves)
Will     +....                  (boots unavailable)
Stlth    +.........             (no amulet)
HPRegen  0.23/turn              J - +4 ring of evasion
MPRegen  0.00/turn              f - +4 ring of protection

@: about to teleport, flying
A: sickness immunity, fire resistance 2, cold vulnerability 1, float, innate
caster, hp casting, extra vitality 1
a: Renounce Religion, Minor Destruction


You were on level 1 of the Abyss.
You worshipped Makhleb.
Makhleb was pleased with you.
You visited 2 branches of the dungeon, and saw 10 of its levels.
You visited the Abyss 1 time.

You collected 442 gold pieces.


Innate Abilities, Weirdness & Mutations

You are immune to sickness and miasma.
You are immune to poison.
Your flesh is very heat resistant. (rF++)
You are vulnerable to cold. (rC-)
You float through the air rather than walking.
You learn spells naturally, not from books.
Your magical power is your life essence.
You have superior vitality. (+4 HP)


   Skills:
 - Level 7.0 Fighting
 - Level 1.0 Armour
 + Level 9.6 Dodging
 - Level 0.7 Stealth
 - Level 10.0 Spellcasting
 - Level 3.0 Evocations


You had 17 spell levels left.
You knew the following spells:

 Your Spells              Type           Power      Damage    Failure   Level
c - Ice Form              Ice/Tmut       40%        N/A       6%          4
e - Apportation           Tloc           80%        N/A       1%          1
x - Stone Arrow           Conj/Erth      80%        3d12      1%          3
z - Vampiric Draining     Necr           20%        2d8       1%          3
Z - Corpse Rot            Necr/Air       N/A        N/A       1%          2
Your spell library was empty.

Inventory:

Hand Weapons
 a - a +1 whip of electrocution (weapon)
 b - a +0 halberd
 o - a +4 battleaxe
 Q - a +1 falchion of holy wrath
 T - a +1 hand axe of venom
Missiles
 n - a curare-tipped dart {=f}
 s - 2 throwing nets {=f}
Armour
 q - a +0 helmet (worn)
 v - +0 steam dragon scales
 y - the +3 ring mail "Vometohe" (worn) {rC+ rN++ Str-5}

   It affects your strength (-5).
   It protects you from cold.
   It greatly protects you from negative energy.
 G - a +2 cloak (worn)
Jewellery
 f - a +4 ring of protection (right hand)
 J - a +4 ring of evasion (left hand)
 R - a ring of protection from cold
Wands
 c - a wand of iceblast (15) (quivered)
 d - a wand of charming (9)
 g - a wand of flame (21)
 l - a wand of polymorph (10)
 O - a wand of mindburst (28)
Scrolls
 j - 2 scrolls of magic mapping
 k - 2 scrolls of brand weapon
 m - a scroll of summoning {unknown}
 p - a scroll of enchant armour
 u - a scroll of fear {unknown}
 z - 3 scrolls of teleportation {@r4}
 A - 2 scrolls of enchant weapon
 B - a scroll of fog
 D - a scroll of torment {unknown}
 F - a scroll of blinking {unknown}
 K - a scroll of acquirement {unknown}
 N - a scroll of immolation {unknown}
Potions
 h - a potion of invisibility {unknown}
 i - 3 potions of magic
 r - a potion of degeneration {unknown}
 t - a potion of attraction {unknown}
 x - a potion of flight
 C - 2 potions of mutation {unknown}
 E - a potion of lignification {unknown}
 H - a potion of might {unknown}
 M - a potion of haste {unknown}
 P - 2 potions of berserk rage {unknown}
 S - a potion of cancellation {unknown}
Miscellaneous
 e - a piece from Xom's chessboard (15/15)

Dungeon Overview and Level Annotations

Branches:
Dungeon (9/15)             Temple (1/1) D:4
   Lair: D:8-11         Orc: D:9-12

Altars:
Ashenzari
Cheibriados
Elyvilon
Fedhas
Gozag
Hepliaklqana
Kikubaaqudgha
Makhleb
Nemelex Xobeh
Okawaru
Qazlal
Ru
Sif Muna
Trog
Uskayaw
Vehumet
Wu Jian
Xom
Yredelemnul
The Shining One
Lugonu

Shops:
D:4 !

Annotations:
D:9 Erolcha

▒.▒▒▒.......
... ▒▒▒.....▒
▒▒▒....
▒.......▒.▒▒ ▒
▒▒ ▒▒▒.....▒▒
.. .
▒▒......▒▒. ▒ .
▒....h.▒....▒.
. ▒
▒▒▒.....▒▒▒.▒ ▒
▒.v..vBZ...▒
......
▒▒▒...Rh▒▒▒▒▒▒▒
▒ ▒ ▒.....▒ ▒.
▒.....▒ ▒.....▒
▒▒▒▒▒▒▒


You could see a spatial maelstrom, a demonic crawler (dazed), a spatial vortex,
2 raiju and an ettin zombie (dazed).


Message History

* * * LOW HITPOINT WARNING * * *
The raiju blinks!
A spatial vortex comes into view.
Unknown command.
As you read the scroll of teleportation {@r4}, it crumbles to dust.
You feel strangely unstable.
You feel the power of the Abyss delaying your translocation!
The ufetubus barely misses you. The ufetubus closely misses you.
Unknown command.
As you read the scroll of holy word, it crumbles to dust.
You speak a Word of immense power!
The ufetubus convulses!
You kill the ufetubus!
Makhleb accepts your kill.
The demonic crawler convulses!
The ettin zombie convulses!
The ettin zombie is lost in a daze.
Unknown command.
Unknown command.
The spatial maelstrom completely misses you.
The spatial maelstrom barely misses you.
The spatial maelstrom barely misses you.
The spatial maelstrom hits you.
* * * LOW HITPOINT WARNING * * *
The demonic crawler is lost in a daze.
The raiju bites you but does no damage.
The spatial maelstrom hits you but does no damage.
The spatial maelstrom hits you!
You die...

Action                   |  1- 3 |  4- 6 |  7- 9 | 10-12 || total
-------------------------+-------+-------+-------+-------++-------
Melee: Club              |    40 |       |       |       ||    40
       Falchion          |    92 |    95 |       |       ||   187
       Flail             |       |    41 |       |       ||    41
       Halberd           |       |   129 |   155 |       ||   284
       Hand axe          |       |       |    43 |       ||    43
       Whip              |       |       |    31 |    47 ||    78
 Cast: Vampiric Draining |       |       |    42 |   107 ||   149
       Stone Arrow       |       |       |     6 |    21 ||    27
Evoke: Wand              |     6 |    10 |    11 |     6 ||    33
       Piece from Xom's  |       |       |     2 |       ||     2
  Use: Potion            |       |       |     3 |     6 ||     9
       Scroll            |       |       |     6 |     7 ||    13
 Stab: Paralysed         |       |       |     7 |       ||     7
       Sleeping          |       |       |     2 |       ||     2
Armor: Leather armour    |    24 |       |    96 |       ||   120
       Ring mail         |    54 |    21 |    15 |    77 ||   167
       Plate armour      |       |   274 |    10 |       ||   284
Dodge: Dodged            |   120 |    43 |   204 |   148 ||   515
       Rpst.: Falchion   |    20 |     5 |       |       ||    25

Levels and vault maps discovered:
D:1:      amcnicky_arrival_gap_in_the_tavern_cellar, layout_basic,
          basic_ecumenical_altar, amcnicky_mini_rare_corridor_liquid
D:2:      layout_basic, uniq_terence
D:3:      layout_basic, grunt_temple_overflow_opulence,
          nzn_overflow_gifts_of_might_and_magic, nicolae_overflow_hidden_temple,
          hangedman_decor_lopped, minmay_tree_intersection,
          kennysheep_generic_room_6
D:4:      layout_rooms, elyvilon_altar_1, minmay_temple_entry_ruins,
          gammafunk_ghost_split, serial_shops, nicolae_shop_crystal
D:5:      layout_loops_corners, grunt_temple_overflow_lords_of_destruction,
          amethyst_overflow_temple_binary, kennysheep_little_box,
          eino_small_chamber_without_monster, minivault_5, kennysheep_path_1
D:6:      layout_cave_pods, uniq_pikel, uniq_menkaure
D:7:      layout_basic, lemuel_doored_altar
D:8:      layout_basic, uniq_gastronok
D:9:      layout_gridville, amcnicky_altar_gilded, grunt_temple_overflow_open,
          uniq_erolcha
Temple:   corrupted_temple
Abyss:1:  base: D:2, gammafunk_corrupted_shrine

Notes
Turn   | Place    | Note
-------+----------+-------------------------------------------
     0 | D:1      | sanka the Djinni Artificer began the quest for the Orb.
     0 | D:1      | Reached XP level 1. HP: 17/17 MP: 0/0
   335 | D:1      | Reached skill level 2 in Fighting
   335 | D:1      | Reached XP level 2. HP: 23/23 MP: 0/0
   606 | D:1      | Reached XP level 3. HP: 29/29 MP: 0/0
   606 | D:1      | Learned a level 1 spell: Apportation
   805 | D:1      | Reached skill level 3 in Fighting
   851 | D:1      | Found a faded altar of an unknown god.
  1068 | D:2      | Noticed Terence
  1081 | D:2      | Killed Terence
  1082 | D:2      | Reached XP level 4. HP: 33/37 MP: 0/0
  1113 | D:2      | Reached skill level 4 in Fighting
  1213 | D:2      | Noticed a black bear
  1951 | D:3      | Reached XP level 5. HP: 42/42 MP: 0/0
  1951 | D:3      | Learned a level 2 spell: Corpse Rot
  2582 | D:3      | Reached skill level 5 in Fighting
  2868 | D:2      | Killed a black bear
  2869 | D:2      | Reached XP level 6. HP: 20/50 MP: 0/0
  3225 | D:3      | Identified Sif Muna's Incunabulum of Transmigration
  3435 | D:3      | Found a bloodstained altar of Trog.
  3593 | D:3      | Found a sparkling altar of Nemelex Xobeh.
  3593 | D:3      | Found an opulent altar of Gozag.
  3670 | D:3      | Reached skill level 6 in Fighting
  3764 | D:4      | Noticed an ogre
  3848 | D:4      | Found Buuprixtil's Distillery.
  4332 | D:4      | Found a runed translucent gate.
  4332 | D:4      | Found a runed translucent gate.
  4333 | D:4      | Found a runed translucent gate.
  4333 | D:4      | Noticed polve's ghost (amateur DsAK)
  4466 | D:4      | Found a staircase to the Ecumenical Temple.
  4475 | D:4      | Killed an ogre
  4476 | D:4      | Reached skill level 7 in Fighting
  4476 | D:4      | Reached XP level 7. HP: 58/58 MP: 0/0
  4476 | D:4      | Learned a level 3 spell: Vampiric Draining
  4514 | D:4      | Reached skill level 1 in Spellcasting
  4520 | Temple   | Entered the Ecumenical Temple
  4829 | D:4      | Found a white marble altar of Elyvilon.
  5100 | D:4      | Killed polve's ghost
  5101 | D:4      | Reached skill level 3 in Spellcasting
  5101 | D:4      | Reached XP level 8. HP: 8/64 MP: 0/0
  5115 | D:4      | HP: 3/64 [kobold brigand/+0 short sword (9)]
  5459 | D:5      | Entered Level 5 of the Dungeon
  6183 | D:5      | Found a burning altar of Makhleb.
  6200 | D:5      | Reached skill level 4 in Spellcasting
  6214 | D:5      | Became a worshipper of Makhleb the Destroyer
  6440 | D:5      | Reached skill level 5 in Spellcasting
  7036 | D:5      | Found an ornate altar of the Wu Jian Council.
  7068 | D:5      | Found an iron altar of Okawaru.
  7068 | D:5      | Found a basalt altar of Yredelemnul.
  7392 | D:6      | Reached XP level 9. HP: 68/68 MP: 0/0
  7392 | D:6      | Learned a level 3 spell: Stone Arrow
  7657 | D:6      | Noticed Pikel
  7692 | D:6      | Killed Pikel
  7693 | D:6      | Reached skill level 6 in Spellcasting
  8006 | D:6      | Reached skill level 7 in Spellcasting
  8018 | D:6      | Noticed Menkaure
  8023 | D:6      | Killed Menkaure
  8329 | D:6      | Identified the +3 ring mail "Vometohe" {rC+ rN++ Str-5}
  8584 | D:7      | Killed an unseen horror
  8743 | D:7      | Reached * piety under Makhleb
  8754 | D:7      | Reached skill level 8 in Spellcasting
  8865 | D:7      | Found a broken altar of Ashenzari.
  8969 | D:7      | Reached skill level 3 in Dodging
  9150 | D:7      | Reached XP level 10. HP: 69/75 MP: 0/0
  9554 | D:7      | Reached skill level 4 in Dodging
  9704 | D:8      | Noticed a two-headed ogre
  9712 | D:8      | Killed a two-headed ogre
  9713 | D:8      | Reached skill level 5 in Dodging
  9788 | D:8      | Noticed Gastronok
  9980 | D:8      | Killed Gastronok
  9981 | D:8      | Reached skill level 7 in Dodging
  9981 | D:8      | Reached skill level 9 in Spellcasting
 10092 | D:8      | Identified +0 steam dragon scales
 10310 | D:8      | Reached XP level 11. HP: 78/79 MP: 0/0
 10310 | D:8      | Learned a level 4 spell: Ice Form
 10444 | D:9      | Noticed a deep elf pyromancer
 10450 | D:9      | Killed a deep elf pyromancer
 10450 | D:9      | Reached ** piety under Makhleb
 10451 | D:9      | Reached skill level 8 in Dodging
 10506 | D:9      | Found a sacrificial altar of Ru.
 10507 | D:9      | Found a hide-covered altar of Uskayaw.
 10598 | D:9      | Noticed a two-headed ogre
 10603 | D:9      | Killed a two-headed ogre
 10604 | D:9      | Reached skill level 9 in Dodging
 10604 | D:9      | Reached skill level 10 in Spellcasting
 10652 | D:9      | Noticed Erolcha
 11107 | D:9      | Cast into level 1 of the Abyss (Erolcha)
 11147 | Abyss:1  | Noticed a lich
 11182 | Abyss:1  | Noticed a tentacled starspawn
 11198 | Abyss:1  | Noticed a large abomination
 11298 | Abyss:1  | HP: 1/79 [hellwing (12)]
 11555 | Abyss:1  | Noticed a spatial maelstrom
 11558 | Abyss:1  | HP: 1/79 [raiju/living lightning (14)]
 11562 | Abyss:1  | Slain by a spatial maelstrom

Vanquished Creatures
  Gastronok (D:8)
  2 two-headed ogres
  Pikel (D:6)
  A deep elf pyromancer (D:9)
  An unseen horror (D:7)
  A hellwing (Abyss:1)
  The ghost of polve the Conjurer, an amateur DsAK of Lugonu (D:4)
  A small abomination (Abyss:1)
  2 steam dragons
  Menkaure (D:6)
  2 water moccasins
  An orc warrior (D:9)
  2 sky beasts (D:5)
  An ice beast (D:6)
  A black bear (D:2)
  A necrophage (D:4)
  An ogre (D:4)
  3 centaurs (D:8)
  3 lemures (D:6)
  2 kobold brigands (D:9)
  3 bullfrogs
  A gnoll sergeant (D:9)
  A scorpion (D:5)
  A wyvern skeleton (D:5)
  A water moccasin skeleton (D:5)
  3 wights (D:7)
  5 howler monkeys (D:7)
  A crimson imp (D:5)
  A jelly (D:7)
  4 hounds
  5 orc priests
  Terence (D:2)
  2 iguanas
  9 orc wizards
  A howler monkey zombie (D:8)
  7 gnolls
  7 adders
  A shadow imp (D:7)
  A white imp (D:3)
  6 ufetubi
  An adder skeleton (D:3)
  2 worms (D:4)
  3 dart slugs
  36 orcs
  8 ball pythons
  5 bats
  6 endoplasms
  3 giant cockroaches
  9 goblins
  5 hobgoblins
  14 jackals
  16 kobolds
  5 quokkas
  4 frilled lizards
  5 rats
212 creatures vanquished.

Vanquished Creatures (collateral kills)
  A giant cockroach (D:4)
  A hobgoblin (D:4)
  A jackal (D:4)
  2 kobolds (D:4)
5 creatures vanquished.

Vanquished Creatures (others)
  A small abomination (Abyss:1)
  A gnoll (D:2)
  A goblin (D:4)
  A starspawn tentacle (Abyss:1)
4 creatures vanquished.

Grand Total: 221 creatures vanquished
